 Dungeon Crawl Stone Soup version 0.26-a0-708-g17f3b190f9 (webtiles) character file.

Game seed: 3275061363809213494

1215 karrick the Chopper (level 8, -8/60 HPs)
             Began as a Demonspawn Gladiator on Oct 28, 2020.
             Mangled by an orc warrior
             ... wielding a +0 scimitar
              (22 damage)
             ... on level 6 of the Dungeon.
             The game lasted 00:07:43 (6556 turns).

karrick the Chopper (Demonspawn Gladiator)          Turns: 6556, Time: 00:07:44

Health: -8/60      AC:  5    Str: 16    XL:     8   Next: 22%
Magic:  8/8        EV: 14    Int: 10    God:
Gold:   175        SH:  4    Dex: 15    Spells: 4/7 levels left

rFire    . . .     SeeInvis .   a - +0 war axe
rCold    + . .     Faith    .   (no shield)
rNeg     . . .     Spirit   .   b - +0 leather armour
rPois    .         Reflect  .   c - +0 helmet
rElec    .         Harm     .   (no cloak)
rCorr    .         Rampage  .   k - +0 pair of gloves
MR       .....                  (no boots)
Stlth    ++........             (no amulet)
HPRegen  0.20/turn              (no ring)
MPRegen  0.11/turn              (no ring)

@: no status effects
A: large bone plates 1, cold resistance 1, demonic guardian 2, freezing cloud
immunity
a: no special abilities


You were on level 6 of the Dungeon.
You visited 1 branch of the dungeon, and saw 6 of its levels.

You collected 375 gold pieces.
You spent 200 gold pieces at shops.

Inventory:

Hand Weapons
 a - a +0 war axe (weapon)
 p - a +1 dagger of protection
 y - a +0 dagger of speed
 D - a +2 dagger of venom
Missiles
 d - 3 throwing nets (quivered)
Armour
 b - a +0 leather armour (worn)
 c - a +0 helmet (worn)
 k - a +0 pair of gloves (worn)
 C - a +0 chain mail of cold resistance
Jewellery
 A - an uncursed ring of protection from magic {unknown}
 B - an uncursed ring of positive energy {unknown}
Scrolls
 f - a scroll of immolation {unknown}
 g - a scroll of magic mapping {unknown}
 j - 4 scrolls of teleportation {unknown}
 m - a scroll of fog {unknown}
 n - 8 scrolls of identify {unknown}
 o - 3 scrolls of remove curse {unknown}
 q - 2 scrolls of enchant weapon {unknown}
 u - 2 scrolls of enchant armour {unknown}
 x - 2 scrolls of amnesia {unknown}
 z - a scroll of random uselessness {unknown}
Potions
 e - a potion of curing
 h - a potion of cancellation {unknown}
 i - 2 potions of haste {unknown}
 l - a potion of lignification {unknown}
 r - a potion of brilliance {unknown}
 s - a potion of invisibility {unknown}
 t - a potion of stabbing {unknown}
 v - a potion of heal wounds {unknown}
 w - 2 potions of mutation {unknown}


   Skills:
 + Level 3.8 Fighting
 + Level 6.4 Axes
 + Level 2.0 Throwing
 + Level 3.3 Armour
 + Level 4.2 Dodging
 + Level 1.2 Stealth
 * Level 3.2 Hexes


You had 4 spell levels left.
You knew the following spells:

 Your Spells              Type           Power        Failure   Level
a - Confusing Touch       Hex            #.......     36%         3

Your spell library contained the following spells:

 Spells                   Type           Power        Failure   Level
 Gell's Gravitas          Tloc           #.........   80%         3
 Petrify                  Tmut/Erth      #.......     99%         4
 Metabolic Englaciation   Hex/Ice        #.........   100%        5
 Yara's Violent Unravell  Hex/Tmut       #.........   100%        5


Dungeon Overview and Level Annotations

Branches:
Dungeon (6/15)
 Temple: D:4-7

Altars:
Ashenzari
Elyvilon
Gozag
Kikubaaqudgha
Makhleb
Uskayaw
Vehumet
Zin
Beogh

Shops:
D:4 [=*   D:6 !


Innate Abilities, Weirdness & Mutations

You are partially covered in large bone plates. (SH +4)
Your flesh is cold resistant. (rC+)
A demonic guardian rushes to your aid.
You are immune to freezing clouds.


Message History

Unknown command.
You are too injured to fight recklessly!
Your orange demon closely misses the orc warrior. x2
The orc hits your orange demon.
You slash the orc warrior!
The orc warrior is almost dead.
You slash the ufetubus!
You kill the ufetubus!
The orc warrior hits you with a +0 scimitar!
* * * LOW HITPOINT WARNING * * *
Your orange demon barely misses the orc warrior.
Your orange demon closely misses the orc warrior.
The orc barely misses your orange demon.
Your orange demon barely misses the orc warrior.
The orc hits your orange demon.
You hit the orc warrior but do no damage.
The orc warrior is almost dead.
You closely miss the orc.
The orc warrior hits you with a +0 scimitar!!
You die...

. . #.... . .. ..
.###. ####. .#...
.. #.
.....#######.#...
... #
.........)..>)..##
...............$.
......o.).......# #
.......4oo...#.# ..
.........@...#.#.#
............[....#.
...................
###..............#
##########.......
#######


You could see an orc warrior, 2 orcs and a friendly orange demon (summoned).

Vanquished Creatures
  Sigmund (D:3)
  A phantom (D:4)
  2 ogres
  A bullfrog (D:5)
  A wyvern zombie (D:6)
  A scorpion (D:5)
  A howler monkey (D:5)
  2 hounds
  An orc wizard (D:5)
  A jelly (D:6)
  3 orc priests
  2 iguanas
  3 worker ants
  A hound skeleton (D:4)
  6 adders
  An ufetubus (D:6)
  An ooze (D:1)
  An adder zombie (D:5)
  A worm (D:2)
  3 dart slugs
  2 leopard geckos
  16 orcs
  4 bats
  A giant cockroach (D:1)
  8 goblins
  7 hobgoblins
  11 jackals
  A quokka (D:2)
  4 frilled lizards
  4 kobolds
  6 rats
98 creatures vanquished.

Vanquished Creatures (collateral kills)
  A sky beast (D:5)
  A scorpion (D:5)
  A howler monkey (D:5)
  A bullfrog skeleton (D:5)
  An orc wizard (D:3)
  A hobgoblin (D:3)
  A jackal (D:5)
7 creatures vanquished.

Grand Total: 105 creatures vanquished

Notes
Turn   | Place    | Note
-------+----------+-------------------------------------------
     0 | D:1      | karrick the Demonspawn Gladiator began the quest for the
                  | Orb.
     0 | D:1      | Reached XP level 1. HP: 16/16 MP: 1/1
   129 | D:1      | Gained mutation: You are partially covered in large bone
                  | plates. (SH +4) [demonic ancestry]
   129 | D:1      | Reached XP level 2. HP: 17/22 MP: 2/2
   232 | D:1      | Found a broken altar of Ashenzari.
   239 | D:1      | Reached skill level 3 in Axes
   691 | D:1      | Gained mutation: Your flesh is cold resistant. (rC+)
                  | [demonic ancestry]
   691 | D:1      | Reached XP level 3. HP: 27/28 MP: 3/3
  1339 | D:2      | Found a faded altar of an unknown god.
  1680 | D:2      | Reached XP level 4. HP: 21/34 MP: 4/4
  2124 | D:3      | Reached skill level 1 in Armour
  2201 | D:3      | Reached skill level 4 in Axes
  2482 | D:3      | Noticed Sigmund
  2682 | D:4      | Gained mutation: You are immune to freezing clouds.
                  | [demonic ancestry]
  2682 | D:4      | Reached XP level 5. HP: 35/39 MP: 5/5
  2968 | D:4      | Found Jumpoi's Armour Boutique.
  3642 | D:4      | Found Wystraemp's General Store.
  3646 | D:4      | Bought a book of Misfortune for 200 gold pieces
  3650 | D:4      | Learned a level 3 spell: Confusing Touch
  3655 | D:4      | Noticed an ogre
  3664 | D:4      | Killed an ogre
  3664 | D:4      | Gained mutation: A weak demonic guardian rushes to your
                  | aid. [demonic ancestry]
  3664 | D:4      | Reached XP level 6. HP: 26/46 MP: 6/6
  3829 | D:4      | Found Xihut's Jewellery Boutique.
  3930 | D:4      | Reached skill level 5 in Axes
  3930 | D:4      | Reached skill level 1 in Hexes
  4085 | D:5      | Entered Level 5 of the Dungeon
  4129 | D:5      | Reached XP level 7. HP: 21/52 MP: 7/7
  4964 | D:5      | Found a radiant altar of Vehumet.
  4966 | D:5      | Found a glowing silver altar of Zin.
  4966 | D:5      | Found an opulent altar of Gozag.
  4966 | D:5      | Found a burning altar of Makhleb.
  4969 | D:5      | Found a white marble altar of Elyvilon.
  4970 | D:5      | Found a hide-covered altar of Uskayaw.
  4971 | D:5      | Found an ancient bone altar of Kikubaaqudgha.
  5666 | D:6      | Found Omijet's Distillery.
  5669 | D:6      | Reached skill level 6 in Axes
  5674 | D:6      | Reached skill level 1 in Stealth
  5907 | D:3      | Found a roughly hewn altar of Beogh.
  5912 | D:3      | Gained mutation: A demonic guardian rushes to your aid.
                  | [demonic ancestry]
  5912 | D:3      | Reached XP level 8. HP: 51/60 MP: 8/8
  6352 | D:3      | Killed Sigmund
  6556 | D:6      | Mangled by an orc warrior

Illustrated notes

Levels and vault maps discovered:
D:1:      dpeg_arrival_more_subterranean_lakeside_camping, layout_basic,
          serial_bayou_pond_c, nicolae_ashenzari_panopticon
D:2:      layout_basic, chequers_ecumenical_altar_island, serial_curves,
          eino_curves_01, eino_curves_03, eino_curves_03
D:3:      layout_rooms, minmay_misc_feat_iff, kennysheep_orc_chapel,
          uniq_sigmund
D:4:      layout_basic, serial_shops, shop, nicolae_shop_behind_doors, shop
D:5:      layout_rooms, minitemple, kennysheep_nub, kennysheep_generic_room_8
D:6:      layout_basic, serial_shops, shop_statue

Skill      XL: |  1  2  3  4  5  6  7  8 |
---------------+-------------------------+-----
Axes           | 3 4 5 6 |  6.4
Throwing       | 2 |  2.0
Armour         | 1 2 3 |  3.3
Dodging        | 3 4 |  4.2
Fighting       | 3 |  3.8
Hexes          | 1 2 3 |  3.2
Stealth        | 1 |  1.2

Action                   |  1- 3 |  4- 6 |  7- 9 || total
-------------------------+-------+-------+-------++-------
Melee: War axe           |    85 |   142 |   121 ||   348
  Use: Potion            |       |       |     2 ||     2
 Stab: Distracted        |       |       |     1 ||     1
       Sleeping          |       |       |     1 ||     1
Armor: Leather armour    |    18 |    34 |    30 ||    82
Dodge: Dodged            |    54 |   111 |    74 ||   239
Block: Other             |    13 |    34 |    14 ||    61

Table legend: (Time is in decaauts)
 A = Elapsed time spent in this place.
 B = Non-inter-level travel time spent in this place.
 C = Inter-level travel time spent in this place.
 D = Time resting spent in this place.
 E = Time spent auto-exploring this place.
 F = Levels seen in this place.
 G = Mean time per level.
                   A        B        C        D        E       F      G
               +--------+--------+--------+--------+--------+-----+--------+
         Total |   6668 |   6376 |    292 |    864 |   4658 |   6 | 1111.3 |
       Dungeon |   6668 |   6376 |    292 |    864 |   4658 |   6 | 1111.3 |
               +--------+--------+--------+--------+--------+-----+--------+

Top non-repeatable levels by time:
     D:4: 1796 daAuts
     D:2: 1516 daAuts
     D:5: 1412 daAuts
     D:1: 928 daAuts
     D:3: 766 daAuts
     D:6: 247 daAuts
